 Dungeon Crawl Stone Soup version 0.30.1-1-g62c8e00024 (webtiles) character file.

Game seed: 5497806847354248088

270 Gorgoleon the Grave Robber (level 6, -3/41 HPs)
             Began as a Mummy Necromancer on July 15, 2023.
             Slain by Natasha (8 damage)
             ... on level 3 of the Dungeon.
             The game lasted 00:10:00 (2372 turns).

Gorgoleon the Grave Robber (Mummy Necromancer)      Turns: 2372, Time: 00:10:01

Health: -3/41      AC:  2    Str: 11    XL:     6   Next: 1%
Magic:  1/10       EV: 12    Int: 17    God:
Gold:   124        SH:  0    Dex: 12    Spells: 6/10 levels left

rFire   x . .        k - +0 dagger (venom)
rCold   + . .        (no shield)
rNeg    + + +        a - +0 robe
rPois   ∞            f - +0 hat
rElec   .            (no cloak)
rCorr   .            (no gloves)
SInv    .            (no boots)
Will    .....        (no amulet)
Stlth   ++           (no ring)
HPRegen 0.26/turn    (no ring)
MPRegen 0.12/turn

%: faith
@: no status effects
A: cold resistance 1, negative energy resistance 3, torment resistance 2, heat
vulnerability 1, in touch with death 1, no potions, faith
a: no special abilities


You were on level 3 of the Dungeon.
You visited 1 branch of the dungeon, and saw 3 of its levels.

You collected 124 gold pieces.

Inventory:

Hand Weapons
 k - a +0 dagger of venom (weapon)
Armour
 a - a +0 robe (worn)
 e - a +0 leather armour
 f - a +0 hat (worn)
 g - the +1 leather armour of Negation {rN+ Will+ Regen+ Dex-5}
   (You found it on level 3 of the Dungeon)

   Dex:       It affects your dexterity (-5).
   rN:        It protects you from negative energy.
   Regen:     It increases your rate of health regeneration.
   Will:      It increases your willpower.
Scrolls
 b - 2 scrolls of fog
 c - 2 scrolls of identify
 d - 2 scrolls of brand weapon
 j - a scroll of vulnerability {unknown}


   Skills:
 - Level 1.5 Dodging
 - Level 1.5 Stealth
 - Level 2.6 Spellcasting
 + Level 7.3 Necromancy


You had 6 spell levels left.
You knew the following spells:

 Your Spells              Type           Power      Damage    Failure   Level
a - Necrotise             Necr           100%       1d9       1%          1
b - Vampiric Draining     Necr           40%        2d8       2%          3

Your spell library contained the following spells:

 Spells                   Type           Power      Damage    Failure   Level
 Animate Dead             Necr           40%        N/A       9%          4
 Agony                    Necr           40%        N/A       24%         5


Dungeon Overview and Level Annotations

Branches:
Dungeon (3/15)

Altars:

Annotations:
D:3 Natasha


Innate Abilities, Weirdness & Mutations

You are immune to poison.
Your flesh is cold resistant. (rC+)
You are immune to negative energy. (rN+++)
You are immune to unholy pain and torment.
You are vulnerable to heat. (rF-)
You are in touch with the powers of death.
You do not drink.
You have a special connection with the divine. (Faith)


Message History

Natasha casts a spell at you.
You easily resist.
You barely miss Natasha.
Natasha is heavily wounded.
Natasha mumbles some strange words.
You hit Natasha.
Natasha is severely wounded.
Natasha misses you.
You closely miss Natasha. Your punch misses Natasha.
Natasha is severely wounded.
The cerulean imp hits you from afar with a +2 spear.
Natasha claws you but does no damage.
You hit Natasha.
Natasha is severely wounded.
The cerulean imp hits you from afar with a +2 spear.
Natasha misses you.
You barely miss Natasha.
Natasha is severely wounded.
The cerulean imp closely misses you.
Natasha stares at you and mumbles some strange words.
The magic dart hits you.
You hit Natasha but do no damage.
Natasha is poisoned.
Natasha is severely wounded.
The cerulean imp hits you from afar with a +2 spear.
Natasha mumbles some strange words.
You barely miss Natasha.
Natasha is severely wounded.
The cerulean imp hits you from afar with a +2 spear.
Natasha claws you.
* * * LOW HITPOINT WARNING * * *
Aiming: Necrotise (safe; 1% risk of failure)
Press: ? - help, Q - select action, (/) - cycle Shift-Dir - straight line, f/p - Natasha
Aim: Natasha (severely wounded, very poisoned, chance to affect: 83%)
You feel a surge of power!
Natasha barely resists.
The cerulean imp hits you from afar with a +2 spear.
* * * LOW HITPOINT WARNING * * *
The cerulean imp hits you from afar with a +1 spear.
* * * LOW HITPOINT WARNING * * *
Natasha claws you!
You die...

#########.......######.#
##........#'#..###.....#
##........#.#..###.##..#
..........#.#..#...##.##
#.........#.#..#.####.#
............#..#.# ..#
#######.#......#.# ..## #
#.#.....##.##.# #
####.#)......@#..#####
####....#...#####h.......
...)(.......# #55......
##...###.†..# .........
#.### ....## .#########
#.# >##.## #. #.. #. .# #
### # .. .#.


You could see Natasha (very poisoned) and 2 cerulean imps.

Vanquished Creatures
  Sigmund (D:3)
  4 adders
  A worm (D:3)
  A dart slug (D:1)
  5 orcs (D:3)
  6 ball pythons
  8 endoplasms
  6 goblins
  10 hobgoblins
  A jackal (D:3)
  4 kobolds
  3 quokkas (D:1)
  A bat (D:1)
  A frilled lizard (D:2)
  3 rats
55 creatures vanquished.

Vanquished Creatures (collateral kills)
  A giant cockroach (D:3)
  A ball python (D:1)
  A bat (D:3)
  3 rats
6 creatures vanquished.

Grand Total: 61 creatures vanquished

Notes
Turn   | Place    | Note
-------+----------+-------------------------------------------
     0 | D:1      | Gorgoleon the Mummy Necromancer began the quest for the
                  | Orb.
     0 | D:1      | Reached XP level 1. HP: 13/13 MP: 4/4
   271 | D:1      | Reached XP level 2. HP: 19/19 MP: 1/5
   672 | D:1      | Reached skill level 5 in Necromancy
   697 | D:1      | Gained mutation: You are in touch with the powers of death.
                  | [Mummy growth]
   697 | D:1      | Reached XP level 3. HP: 24/24 MP: 7/7
   935 | D:1      | Learned a level 3 spell: Vampiric Draining
  1360 | D:2      | Found a faded altar of an unknown god.
  1814 | D:3      | Identified the +1 leather armour of Negation {rN+ Will+
                  | Regen+ Dex-5}
  1826 | D:3      | Reached XP level 4. HP: 30/30 MP: 2/8
  2218 | D:3      | Reached skill level 6 in Necromancy
  2332 | D:3      | Noticed Sigmund
  2347 | D:3      | Killed Sigmund
  2348 | D:3      | Reached skill level 7 in Necromancy
  2348 | D:3      | Reached XP level 5. HP: 20/35 MP: 1/9
  2348 | D:3      | Reached XP level 6. HP: 23/41 MP: 1/10
  2355 | D:3      | Noticed Natasha
  2372 | D:3      | Slain by Natasha

Illustrated notes

Levels and vault maps discovered:
D:1:      lightli_iron_boxes, layout_loops_ring, minivault_25,
          minmay_pentomino_w2
D:2:      layout_basic, basic_ecumenical_altar
D:3:      minmay_wonky_spiral, layout_basic, minmay_cupped, uniq_natasha,
          uniq_sigmund

Skill      XL: |  1  2  3  4 |
---------------+-------------+-----
Necromancy     | 5 7 |  7.3
Dodging        | |  1.5
Stealth        | |  1.5
Spellcasting   | |  2.6

Action                     |  1- 3 |  4- 6 || total
---------------------------+-------+-------++-------
  Melee: Club              |     2 |       ||     2
         Unarmed           |     1 |       ||     1
         Spear             |    14 |    15 ||    29
         Dagger            |       |    13 ||    13
         Punch             |       |     1 ||     1
   Cast: Necrotise         |    60 |    33 ||    93
         Vampiric Draining |       |     2 ||     2
    Use: Scroll            |     4 |     1 ||     5
   Stab: Sleeping          |     2 |       ||     2
 Armour: Robe              |     4 |     6 ||    10
  Dodge: Dodged            |    17 |    14 ||    31
